 Dungeon Crawl Stone Soup version 0.21.1-1-g345015f (webtiles) character file.

274 Kagorn the Skirmisher (level 6, -3/40 HPs)
             Began as a Gargoyle Fighter on July 16, 2018.
             Slain by Menkaure (11 damage)
             ... on level 5 of the Dungeon.
             The game lasted 00:12:49 (4201 turns).

Kagorn the Skirmisher (Gargoyle Fighter)            Turns: 4201, Time: 00:12:49

Health: -3/40      AC: 15    Str: 20    XL:     6   Next: 24%
Magic:  6/6        EV:  6    Int:  9    God:
Gold:   184        SH:  9    Dex: 10    Spells: 5/5 levels left

rFire    . . .     SeeInvis .   a - +0 long sword
rCold    . . .     Gourm    .   c - +0 shield
rNeg     + . .     Faith    .   p - +0 chain mail
rPois    ∞         Spirit   .   u - +0 helmet
rElec    +         Reflect  .   (no cloak)
rCorr    .         Harm     .   (no gloves)
MR       .....                  (no boots)
Stlth    ..........             (no amulet)
HPRegen  0.13/turn              (no ring)
MPRegen  0.10/turn              (no ring)

@: no status effects
A: negative energy resistance 1, electricity resistance, unbreathing,
petrification resistance, rot immunity, AC +4
a: no special abilities


You were on level 5 of the Dungeon.
You were not hungry.

You visited 1 branch of the dungeon, and saw 5 of its levels.
You also visited: Sewer.

You collected 184 gold pieces.

Inventory:

Hand Weapons
 a - a +0 long sword (weapon)
Missiles
 f - 28 poisoned needles
Armour
 c - a +0 shield (worn)
 p - a +0 chain mail (worn)
 u - a +0 helmet (worn)
Scrolls
 b - a scroll of magic mapping {unknown}
 i - 3 scrolls of amnesia {unknown}
 j - 2 scrolls of identify {unknown}
 k - a scroll of remove curse {unknown}
 m - a scroll of teleportation {unknown}
 o - a scroll of random uselessness {unknown}
 q - 2 scrolls of fog {unknown}
 s - a scroll of immolation {unknown}
Potions
 d - a potion of might
 e - a potion of berserk rage {unknown}
 g - a potion of lignification {unknown}
 h - 3 potions of curing {unknown}
 l - 3 potions of heal wounds {unknown}
 n - a potion of invisibility {unknown}
 v - 2 potions of flight {unknown}
Books
 t - a book of Changes

   Spells                             Type                      Level
   a - Beastly Appendage              Transmutation                1
   b - Sticks to Snakes               Transmutation                2
   c - Spider Form                    Transmutation/Poison         3
   d - Ice Form                       Ice/Transmutation            4
   e - Blade Hands                    Transmutation                5
Comestibles
 r - 6 rations


   Skills:
 * Level 4.8 Fighting
 * Level 3.4 Long Blades
 + Level 4.1 Armour
 + Level 1.5 Dodging
 + Level 4.1 Shields


You had 5 spell levels left.
You didn't know any spells.

Dungeon Overview and Level Annotations

Branches:
Dungeon (5/15)
 Temple: D:4-7

Altars:
Cheibriados
Kikubaaqudgha
Nemelex Xobeh
Sif Muna
Xom

Annotations:
D:5 Menkaure


Innate Abilities, Weirdness & Mutations

You are resistant to torment.
Your stone body is resilient. (AC +4)
You are immune to poison.
You resist negative energy. (rN+)
You are resistant to electric shocks. (rElec)
You can survive without breathing.
You are immune to petrification.
You are immune to rotting.


Message History

Menkaure calls on the powers of darkness!
Your body is wracked with pain!
* * * LOW HITPOINT WARNING * * *
The gnoll convulses! x2
Menkaure mumbles some strange words.
Menkaure seems to speed up.
There is an open door here.
Menkaure gestures at you while chanting.
Pain shoots through your body!
* * * LOW HITPOINT WARNING * * *
Menkaure calls on the powers of darkness!
The gnoll convulses!
Your body is wracked with pain!
* * * LOW HITPOINT WARNING * * *
You hit the gnoll but do no damage.
The gnoll is severely wounded.
The gnoll hits you but does no damage.
You hit the gnoll.
You kill the gnoll!
Menkaure hits you!
You die...

. ###...# #######.......... ..
#.....# #................
.g.##.....#######.g..............
....'.....#....5g....g...........
#####.....#.#########'#..........
#.....#.# #g#.......... #.5...#g#
#.##.#.#'#### #..g..#.#
######.##.#.#.# ####..#g#
#@M.g5.##.#.#(# #..#5#
#.#######.#.#.#### #..#.####<#
#.#..M<. #####......#### #.######
................. #.
.........)#.##### ########.##.#
#.# .# #.. #


You could see Menkaure, a gnoll and a crimson imp.

Vanquished Creatures
  A big kobold (Sewer)
  Jessica (D:3)
  A worker ant (D:4)
  An iguana (D:5)
  The ghost of dscm the Gusty, a weakling OpAE (D:4)
  A gnoll (D:5)
  2 adders (D:2)
  A river rat (Sewer)
  3 worms
  3 dart slugs
  A leopard gecko (D:1)
  An orc (D:4)
  7 bats
  8 giant cockroaches
  8 hobgoblins
  4 jackals
  10 kobolds
  2 quokkas
  A ball python (D:3)
  2 frilled lizards
  5 goblins
  8 rats
  2 rat zombies (D:4)
74 creatures vanquished.

Notes
Turn   | Place    | Note
-------+----------+-------------------------------------------
     0 | D:1      | Kagorn the Gargoyle Fighter began the quest for the Orb.
     0 | D:1      | Reached XP level 1. HP: 14/14 MP: 1/1
    52 | D:1      | Reached XP level 2. HP: 17/19 MP: 2/2
   482 | D:1      | Reached XP level 3. HP: 22/24 MP: 3/3
   687 | D:1      | You fall through a shaft!
  1317 | D:2      | Found a deep blue altar of Sif Muna.
  1405 | D:2      | Reached XP level 4. HP: 19/29 MP: 4/4
  1812 | D:3      | Reached skill level 1 in Dodging
  2080 | D:3      | Noticed Jessica
  2087 | D:3      | Killed Jessica
  2252 | D:3      | Found a sparkling altar of Nemelex Xobeh.
  2584 | D:3      | Found a snail-covered altar of Cheibriados.
  2591 | D:3      | Found a shimmering altar of Xom.
  2759 | D:4      | Noticed dscm's ghost (weakling OpAE)
  2778 | D:4      | Killed dscm's ghost
  2778 | D:4      | Reached XP level 5. HP: 23/33 MP: 5/5
  2939 | D:4      | Found a glowing drain.
  2966 | Sewer    | Entered a sewer
  3038 | Sewer    | Noticed a big kobold
  3062 | Sewer    | Killed a big kobold
  3081 | Sewer    | Found a white marble altar of Elyvilon.
  3220 | D:4      | Reached XP level 6. HP: 35/39 MP: 6/6
  3445 | D:4      | Found an ancient bone altar of Kikubaaqudgha.
  3856 | D:5      | Entered Level 5 of the Dungeon
  3868 | D:5      | Noticed Menkaure
  4201 | D:5      | Slain by Menkaure

Skill      XL: |  1  2  3  4  5 |
---------------+----------------+-----
Long Blades    | 2 3 |  3.4
Fighting       | 4 |  4.8
Dodging        | 1 |  1.5
Armour         | 4 |  4.1
Shields        | 4 |  4.1

Action                   |  1- 3 |  4- 6 || total
-------------------------+-------+-------++-------
Melee: Long sword        |    98 |   196 ||   294
  Eat: Ration            |     1 |     2 ||     3
       Chunk             |       |     1 ||     1
Armor: Scale mail        |    38 |       ||    38
       Chain mail        |    31 |   126 ||   157
Dodge: Dodged            |    33 |    57 ||    90
Block: Shield            |    72 |   112 ||   184
       Rpst.: Long sword |     8 |    18 ||    26
